 Dungeon Crawl Stone Soup version 0.27-a0-695-gb4952372f7 (webtiles) character file.

Game seed: 13815367494474415267

4 teseract the Skirmisher (level 1, 0/20 HPs)
             Began as a Minotaur Berserker on Mar 22, 2021.
             Was a Follower of Trog.
             Slain by a kobold
             ... wielding a +2 whip of freezing
              (2 damage)
             ... on level 1 of the Dungeon.
             The game lasted 00:00:20 (50 turns).

teseract the Skirmisher (Minotaur Berserker)          Turns: 50, Time: 00:00:20

Health: 0/20       AC:  2    Str: 21    XL:     1   Next: 50%
Magic:  0/0        EV: 12    Int:  4    God:    Trog [*.....]
Gold:   17         SH:  0    Dex:  9    Spells: 0/0 levels left

rFire    . . .     SeeInvis .   a - +0 short sword
rCold    . . .     Faith    .   (no shield)
rNeg     . . .     Spirit   .   b - +0 animal skin
rPois    .         Reflect  .   (helmet restricted)
rElec    .         Harm     .   (no cloak)
rCorr    .         Rampage  .   (no gloves)
Will     .....                  (no boots)
Stlth    +.........             (no amulet)
HPRegen  0.06/turn              (no ring)
MPRegen  0.07/turn              (no ring)

@: no status effects
A: horns 2, retaliatory headbutt
a: Renounce Religion, Berserk


You were on level 1 of the Dungeon.
You worshipped Trog.
Trog was aware of your devotion.
You visited 1 branch of the dungeon, and saw 1 of its levels.

You collected 17 gold pieces.

Inventory:

Hand Weapons
 a - a +0 short sword (weapon)
Armour
 b - a +0 animal skin (worn)


   Skills:
 + Level 3.7 Fighting
 + Level 3.4 Short Blades
 + Level 2.4 Armour
 + Level 2.2 Dodging


You couldn't memorise any spells.
You didn't know any spells.
Your spell library was empty.

Dungeon Overview and Level Annotations

Branches:
Dungeon (1/15)

Altars:


Innate Abilities, Weirdness & Mutations

You have a pair of horns on your head.
You reflexively headbutt those who attack you in melee.


Message History

Welcome, teseract the Minotaur Berserker.
It is said that the Orb of Zot exists deep within this dungeon.
Trog says: Kill them all!
Press ? for a list of commands and other information.
Found a staircase leading out of the dungeon.
Found 17 gold pieces.
You now have 17 gold pieces.
Found 27 stones.
A dart slug comes into view.
The dart slug completely misses you.
You hit the dart slug. You headbutt the dart slug.
You kill the dart slug!
Trog accepts your kill.
You see here 27 stones.
Found a gold piece.
A rat comes into view.
Found 20 gold pieces.
A goblin comes into view. It is wielding a +0 dagger.
The goblin moves out of view.
A kobold comes into view. It is wielding a +2 whip of freezing.
Found a spear.
The kobold shouts!
The goblin misses you.
Found a mace.
The goblin barely misses you.
You closely miss the goblin. You puncture the goblin!
You kill the goblin!
Trog accepts your kill.
A leopard gecko comes into view.
You closely miss the kobold. Your headbutt misses the kobold.
The kobold hits you with a +2 whip of freezing!
The kobold freezes you. The rat barely misses you.
You closely miss the kobold.
The kobold hits you with a +2 whip of freezing!
* * * LOW HITPOINT WARNING * * *
The kobold freezes you.
You die...

###########
#.........######
#..............# ###
#..#####.r####.# ...
#.(#
#..####.###.#####
#..#
#.......r........
#..# #..$..).K@#..##
#..####..###.###.# #
##.......#l).$$#...
#.####..##...##.....
#.# .. #.##.## #.#
### #.# .# ##.# ..#
. #..###### ### .
........#


You could see a kobold and a rat.

Vanquished Creatures
  A dart slug (D:1)
  A goblin (D:1)
2 creatures vanquished.

Notes
Turn   | Place    | Note
-------+----------+-------------------------------------------
     0 | D:1      | teseract the Minotaur Berserker began the quest for the
                  | Orb.
     0 | D:1      | Reached XP level 1. HP: 19/19 MP: 0/0
    50 | D:1      | Slain by a kobold

Illustrated notes

Levels and vault maps discovered:
D:1:      amcnicky_arrival_double_pillar, layout_loops_corners,
          minmay_split_cup_large

Action                   || total
-------------------------++-------
Melee: Short sword       ||     5
       Headbutt          ||     1
Dodge: Dodged            ||     4

Table legend: (Time is in decaauts)
 A = Elapsed time spent in this place.
 B = Non-inter-level travel time spent in this place.
 C = Inter-level travel time spent in this place.
 D = Time resting spent in this place.
 E = Time spent auto-exploring this place.
 F = Levels seen in this place.
 G = Mean time per level.
                   A        B        C        D        E       F      G
               +--------+--------+--------+--------+--------+-----+--------+
         Total |     49 |     32 |     17 |      0 |      0 |   1 |   49.0 |
       Dungeon |     49 |     32 |     17 |      0 |      0 |   1 |   49.0 |
               +--------+--------+--------+--------+--------+-----+--------+

Top non-repeatable levels by time:
     D:1: 49 daAuts
